[Event "*** Titled Tuesday Blitz"]
[Site "Chess.com"]
[Date "2020.04.07"]
[Round "8"]
[White "canwedoit"]
[Black "ChesterF"]
[Result "0-1"]
[WhiteElo "2603"]
[BlackElo "2502"]
[TimeControl "180+1"]
[EndTime "14:32:21 PDT"]
[Termination "ChesterF won by resignation"]

1. Nf3 d5 2. g3 Nf6 3. Bg2 Bf5 4. O-O e6 5. c4 c6 6. cxd5 exd5 7. Nc3 h6 8. d3 Bh7 9. Qb3 Qb6 10. Qc2 Be7 11. e4 dxe4 12. dxe4 O-O 13. Be3 Qa5 14. Nd4 Nbd7 15.
h3 Rfe8 16. f4 Bb4 17. Rae1 Nxe4 18. f5 Bxc3 19. bxc3 Ndf6 20. Kh2 Qxc3 21. Qb1 Nxg3 22. Rf3 Nxf5 23. Nxf5 Bxf5 24. Qxf5 Qxe1 25. Bxh6 Qe5+ 0-1

[Event "*** Titled Tuesday Blitz"]
[Site "Chess.com"]
[Date "2020.04.07"]
[Round "8"]
[White "MFguimaraes"]
[Black "eldur16"]
[Result "0-1"]
[WhiteElo "2393"]
[BlackElo "2549"]
[TimeControl "180+1"]
[EndTime "14:32:30 PDT"]
[Termination "eldur16 won by resignation"]

1. e4 Nf6 2. e5 Nd5 3. Nf3 d6 4. d4 Bg4 5. Be2 e6 6. O-O Be7 7. exd6 cxd6 8. c4 Nb6 9. Nc3 O-O 10. Be3 Nc6 11. b3 d5 12. c5 Nc8 13. a3 Bf6 14. b4 a6 15. Qa4 Bxf3 16. Bxf3 Nxd4 17. Bxd4 Bxd4 18. Rac1 Ne7 19. Rfd1 Bxc3 20. Rxc3 Nc6 21. b5 axb5 22. Qxb5 Qa5 23. Rb3 Qxb5 24. Rxb5 Rxa3 25. Rxb7 Rc3 26. Rb5 g6 27. h4 Rc8 28.
Ra1 Nd4 29. Rb7 R3xc5 30. Raa7 Nc6 31. Ra6 Ne5 32. Raa7 h5 33. Be2 Rc1+ 34. Kh2 R1c2 35. f4 Rxe2 36. fxe5 Rf8 37. Kg3 Rxe5 38. Kf4 Rf5+ 39.
Kg3 Rc8 40. Ra3 Rc4 41. Kh3 d4 42. Ra8+ Kg7 43. Rd8 e5 44. Re7 Rc3+ 45. Kh2 d3 46. Rde8 Rc4 47. Rxe5 Rxh4+ 48. Kg3 Rg4+ 49. Kh2 Rxe5 50.
Rxe5 Rd4 0-1

[Event "*** Titled Tuesday Blitz"]
[Site "Chess.com"]
[Date "2020.04.07"]
[Round "8"]
[White "Mizner"]
[Black "jonaszmb"]
[Result "0-1"]
[WhiteElo "2540"]
[BlackElo "2411"]
[TimeControl "180+1"]
[EndTime "14:32:31 PDT"]
[Termination "jonaszmb won by resignation"]

1. e4 c5 2. Nf3 Nc6 3. d4 cxd4 4. Nxd4 e5 5. Nb5 a6 6. Nd6+ Bxd6 7. Qxd6 Qf6 8. Qc7 Qe7 9. Nc3 Nb4 10. Na4 d5 11.
Qxe7+ Nxe7 12. Bd3 dxe4 13. Bxe4 Bf5 14. Bxf5 Nxf5 15.
O-O Nxc2 16. Rb1 O-O 17. Bd2 Rad8 18. Bc3 Ncd4 19. Rfe1 f6 20. Nc5 Rf7 21. a4 Rc7 22. b4 a5 23. g4 Nf3+ 24. Kf1 Nxe1 25. gxf5 Nd3 26. Ne6 Rxc3 27. Nxd8 axb4 28. Nxb7 b3 29. a5 b2 0-1

[Event "*** Titled Tuesday Blitz"]
[Site "Chess.com"]
[Date "2020.04.07"]
[Round "8"]
[White "BobSacIt"]
[Black "ehrenfeld"]
[Result "0-1"]
[WhiteElo "2194"]
[BlackElo "2420"]
[TimeControl "180+1"]
[EndTime "14:32:31 PDT"]
[Termination "ehrenfeld won by resignation"]

1. e4 e5 2. Nf3 Nc6 3. d4 exd4 4. Nxd4 Bc5 5. Nf5 d6 6. Nxg7+ Kf8 7. Nh5 Qh4 8. Ng3 Nf6 9. Be2 Ng4 10. Bxg4 Bxg4 11. Qd2 h5 12. a3 Re8 13. b4 Bd4 14. c3 Bg7 15. h3 Bd7 16. Qc2 f5 17. Nd2 fxe4 18.
O-O d5 19. b5 Ne5 20. a4 Kg8 21. Qb3 Be6 22. Re1 Qf6 23. Qb4 h4 24. Ngxe4 dxe4 25. Nxe4 Qg6 26. Bg5 Nd3 27. Qb1 Nxe1 28. Qxe1 Bf5 0-1

[Event "*** Titled Tuesday Blitz"]
[Site "Chess.com"]
[Date "2020.04.07"]
[Round "8"]
[White "IljaJoke"]
[Black "dennisodessa"]
[Result "0-1"]
[WhiteElo "2483"]
[BlackElo "2330"]
[TimeControl "180+1"]
[EndTime "14:32:32 PDT"]
[Termination "dennisodessa won by resignation"]

1. d4 Nf6 2. c4 e6 3. g3 Bb4+ 4. Bd2 a5 5. Bg2 O-O 6. Nf3 d5 7. Qc2 c5 8. cxd5 cxd4 9. Nxd4 Nxd5 10. Nc3 Qb6 11. Nxd5 exd5 12. Nf3 Nc6 13. O-O Bg4 14. a3 Bxf3 15. exf3 Bxd2 16. Qxd2 d4 17. f4 Rad8 18. Rac1 Rfe8 19. Qd3 Qxb2 20. Rb1 Qc3 21. Rfd1 Re1+ 22. Bf1 Qxd3 23. Rxe1 Qxa3 24. Rxb7 d3 25. Rc7 d2 26.
Rd1 Qa4 27. Be2 Nd4 28. Rxd2 Nxe2+ 29. Rxe2 Qd1+ 0-1

[Event "*** Titled Tuesday Blitz"]
[Site "Chess.com"]
[Date "2020.04.07"]
[Round "8"]
[White "INLOVEWITHF"]
[Black "StockholmMissile"]
[Result "1-0"]
[WhiteElo "2561"]
[BlackElo "2402"]
[TimeControl "180+1"]
[EndTime "14:32:34 PDT"]
[Termination "INLOVEWITHF won by resignation"]

1. e4 e5 2. Nf3 Nc6 3. d4 exd4 4. Nxd4 Bc5 5. Be3 Qf6 6. c3 Nge7 7. Bb5 Bb6 8. O-O O-O 9. a4 a6 10. Bc4 d6 11.
Nxc6 bxc6 12. Bxb6 cxb6 13. Nd2 Ng6 14. f4 Ra7 15.
Qf3 Ne7 16. Bd3 Qh4 17. Qe3 c5 18. Nc4 d5 19. Nxb6 dxe4 20. Bxe4 Nf5 21. Qxc5 Ne7 22.
Rad1 Bg4 23. g3 Qf6 24. Rd6 Be6 25. Nd5 Nxd5 26. Qxa7 Ne7 27. Rxa6 g6 28. Qd4 Qxd4+ 29. cxd4 Rb8 30. Ra8 Rxa8 31. Bxa8 1-0

[Event "*** Titled Tuesday Blitz"]
[Site "Chess.com"]
[Date "2020.04.07"]
[Round "8"]
[White "Malev212"]
[Black "Jbd735"]
[Result "1-0"]
[WhiteElo "2575"]
[BlackElo "2463"]
[TimeControl "180+1"]
[EndTime "14:32:34 PDT"]
[Termination "Malev212 won on time"]

1. e4 e5 2. f4 exf4 3. Be2 Nc6 4. d4 g5 5. h4 Bg7 6. c3 h6 7. Nf3 d6 8. Na3 g4 9. Ng1 f3 10. gxf3 Bf6 11. Be3 Bxh4+ 12. Kd2 g3 13. f4 Nf6 14. Bf3 Nh7 15. Ne2 Bd7 16. Qb3 Qe7 17. d5 Na5 18. Qb4 b6 19. Nb5 Kd8 20. a4 Rg8 21. Bg2 c5 22. dxc6 Bxc6 23. Kc2 Kd7 24. Rad1 Rgd8 25. Nxd6 Kc7 26. Nf5 1-0

[Event "*** Titled Tuesday Blitz"]
[Site "Chess.com"]
[Date "2020.04.07"]
[Round "8"]
[White "Grandmasta23"]
[Black "quesfr"]
[Result "0-1"]
[WhiteElo "2305"]
[BlackElo "2198"]
[TimeControl "180+1"]
[EndTime "14:32:34 PDT"]
[Termination "quesfr won by resignation"]

1. e4 e6 2. d4 d5 3. exd5 exd5 4. Nf3 Bd6 5. c4 Nf6 6. Nc3 dxc4 7. Bxc4 Nc6 8. O-O O-O 9. Bg5 Bg4 10. Be2 Bxf3 11. Bxf3 Nxd4 12. Kh1 Nxf3 13. Qxf3 Be5 14. Rad1 Qc8 15. Bxf6 Bxf6 16. Nd5 Bd8 17. Rfe1 c6 18.
Ne3 Ba5 19. Nf5 Kh8 20. Re7 Bd8 21. Qg4 g6 22. Qd4+ f6 23. Nd6 Bxe7 24. Nxc8 Raxc8 25. Qd7 Rcd8 0-1

[Event "*** Titled Tuesday Blitz"]
[Site "Chess.com"]
[Date "2020.04.07"]
[Round "8"]
[White "GadimbayliA"]
[Black "XDPS"]
[Result "1/2-1/2"]
[WhiteElo "2917"]
[BlackElo "2723"]
[TimeControl "180+1"]
[EndTime "14:32:36 PDT"]
[Termination "Game drawn by agreement"]

1. e4 e5 2. Nf3 Nc6 3. Nc3 Nf6 4. d4 exd4 5. Nxd4 Bb4 6. Nxc6 bxc6 7. Bd3 d5 8. exd5 O-O 9. O-O cxd5 10. Bg5 c6 11.
Qf3 h6 12. Bxf6 Qxf6 13. Qxf6 gxf6 14. Ne2 Bd7 15. Nd4 Rfe8 16. Nf5 Bf8 17. Rfe1 Re5 18. g4 Rae8 19. Kf1 h5 20. h3 hxg4 21. hxg4 Bc5 22.
f4 R5e6 23. c3 Bb6 24. Rad1 Kf8 25. Bc2 Bc8 26. Bd3 c5 27. Rxe6 fxe6 28. Nd6 Rd8 29. Nxc8 Rxc8 30. Re1 Kf7 31. Rxe6 Kxe6 32. Bf5+ Ke7 33.
Bxc8 Bc7 34. Bb7 Bxf4 35. Bxd5 Bc1 36. b4 cxb4 37. cxb4 Ba3 38. b5 Kd6 39. Bc4 Kc5 40. Be2 Bc1 1/2-1/2

[Event "*** Titled Tuesday Blitz"]
[Site "Chess.com"]
[Date "2020.04.07"]
[Round "8"]
[White "LikeWater"]
[Black "nochewycandy"]
[Result "1-0"]
[WhiteElo "2687"]
[BlackElo "2527"]
[TimeControl "180+1"]
[EndTime "14:32:38 PDT"]
[Termination "LikeWater won by checkmate"]

1. e4 g6 2. d4 Bg7 3. Nc3 d6 4.
Be3 a6 5. h4 Nf6 6. f3 h5 7. Qd2 b5 8. Nh3 Bxh3 9. Rxh3 c6 10. Bd3 Nbd7 11. O-O-O Qc7 12. Kb1 O-O 13. Bh6 c5 14.
dxc5 Nxc5 15. Bxg7 Kxg7 16. g4 hxg4 17. fxg4 b4 18.
Nd5 Nxd5 19. exd5 Rh8 20. h5 Nxd3 21. Qxd3 Qc5 22. Rf3 Raf8 23. Re1 gxh5 24. gxh5 Rxh5 25. Rg3+ Kh8 26. Rh3 Rxh3 27. Qxh3+ Kg7 28. Qg4+ Kf6 29. Rf1+ Ke5 30. Qf5+ Kd4 31. Qd3+ Ke5 32. Rf5# 1-0

[Event "*** Titled Tuesday Blitz"]
[Site "Chess.com"]
[Date "2020.04.07"]
[Round "8"]
[White "tteshan"]
[Black "AEMEffi"]
[Result "1-0"]
[WhiteElo "2207"]
[BlackElo "2322"]
[TimeControl "180+1"]
[EndTime "14:32:40 PDT"]
[Termination "tteshan won by resignation"]

1. e4 e5 2. Nf3 Nc6 3. Bb5 Nf6 4. O-O Nxe4 5. Re1 Nd6 6. Bxc6 dxc6 7. Nxe5 Be7 8. d4 O-O 9. Nc3 Bf6 10. Bf4 Bf5 11. Qf3 Bxc2 12. Rac1 Bg6 13. d5 c5 14. g3 a5 15. h4 Bxe5 16. Bxe5 f6 17. Bf4 Re8 18.
h5 Bf7 19. h6 g6 20. Bxd6 cxd6 21. Ne4 f5 22. Qc3 Re5 23. Nxd6 Qxd6 24. Qxe5 Qf8 25. Rxc5 Qxh6 26. Qc3 Qf8 27. Rc7 Bxd5 28. Ree7 1-0

[Event "*** Titled Tuesday Blitz"]
[Site "Chess.com"]
[Date "2020.04.07"]
[Round "8"]
[White "alexwinter25"]
[Black "manubibi"]
[Result "1-0"]
[WhiteElo "2353"]
[BlackElo "2518"]
[TimeControl "180+1"]
[EndTime "14:32:43 PDT"]
[Termination "alexwinter25 won by resignation"]

1. e4 c5 2. Nf3 d6 3. d4 cxd4 4. c3 dxc3 5. Nxc3 Nc6 6. Bf4 e6 7. Bd3 Nf6 8. O-O Be7 9. Qe2 e5 10. Be3 O-O 11. h3 h6 12. Rfd1 Be6 13. Rac1 Rc8 14.
Bb1 a6 15. Nd5 Bxd5 16. exd5 Nb8 17. Nh4 Rxc1 18. Rxc1 Nbd7 19. Nf5 Re8 20. Qf3 Bf8 21. b4 e4 22. Qg3 Kh7 23. Nxd6 Bxd6 24. Qxd6 Ne5 25.
Qc5 Nd3 26. Bxd3 exd3 27. d6 Ne4 28. Qd5 Qxd6 29. Qxf7 Rf8 30. Qc4 Nf6 31. Bc5 d2 32. Bxd6 1-0

[Event "*** Titled Tuesday Blitz"]
[Site "Chess.com"]
[Date "2020.04.07"]
[Round "8"]
[White "TST2014"]
[Black "DishonorOnYourCow"]
[Result "1-0"]
[WhiteElo "2511"]
[BlackElo "2331"]
[TimeControl "180+1"]
[EndTime "14:32:44 PDT"]
[Termination "TST2014 won on time"]

1. d4 Nf6 2. c4 g6 3. Nf3 Bg7 4. Nc3 d5 5. Bg5 Ne4 6. Bh4 Nxc3 7. bxc3 dxc4 8. Qa4+ Bd7 9. Qxc4 O-O 10. e3 b5 11. Qb3 a6 12. Be2 c5 13. Qd5 Nc6 14. Qxc5 Rc8 15. Qa3 Qa5 16. Bxe7 Rfe8 17. Qxa5 Nxa5 18.
Bb4 Nc4 19. O-O Bf8 20. Rfc1 Bg4 21. h3 Bxf3 22. Bxf3 Rc7 23. Bd5 Rec8 24. a4 Nb6 25.
Bxf8 Nxd5 26. Bc5 Rb7 27. axb5 axb5 28. Rab1 Ra8 29. c4 Nc7 30. Bd6 Rc8 31. cxb5 1-0

[Event "*** Titled Tuesday Blitz"]
[Site "Chess.com"]
[Date "2020.04.07"]
[Round "8"]
[White "TregubovP"]
[Black "fpawn"]
[Result "1-0"]
[WhiteElo "2461"]
[BlackElo "2307"]
[TimeControl "180+1"]
[EndTime "14:32:44 PDT"]
[Termination "TregubovP won by resignation"]

1. e4 c5 2. Nf3 Nc6 3. c3 Nf6 4. e5 Nd5 5. d4 cxd4 6. cxd4 d6 7. Bc4 Nb6 8. Bb5 dxe5 9. Nxe5 Bd7 10. Nxd7 Qxd7 11.
Nc3 e6 12. O-O Rd8 13. Qg4 Qxd4 14. Qf3 Be7 15. Rd1 Qf6 16. Bxc6+ bxc6 17. Qxc6+ Rd7 18. Be3 e5 19. Qb5 Qe6 20. Bxb6 axb6 21. Na4 Bd8 22.
Rd2 Ke7 23. Rad1 Rxd2 24. Rxd2 Bc7 25. Qb4+ Bd6 26. Qxb6 Rd8 27. Nc3 f6 28. g3 Rb8 29.
Qa7+ Qd7 30. Qxd7+ Kxd7 31. Ne4 Rb6 32. a4 Ke6 33.
Nxd6 Rxd6 34. Rxd6+ Kxd6 35. b4 1-0

[Event "*** Titled Tuesday Blitz"]
[Site "Chess.com"]
[Date "2020.04.07"]
[Round "8"]
[White "Icewizard1"]
[Black "bangchess21"]
[Result "1-0"]
[WhiteElo "2863"]
[BlackElo "2643"]
[TimeControl "180+1"]
[EndTime "14:32:49 PDT"]
[Termination "Icewizard1 won by resignation"]

1. Nf3 c5 2. e4 g6 3. d4 cxd4 4. Qxd4 Nf6 5. e5 Nc6 6. Qa4 Nd5 7. Qb3 Nb6 8. a4 d6 9. a5 Nd7 10. exd6 exd6 11. Bc4 Qe7+ 12. Be3 Bg7 13. O-O Nde5 14. Nxe5 Nxe5 15. Be2 O-O 16. Nc3 Be6 17. Nd5 Qd7 18. Bb5 Qd8 19. Rfd1 Ng4 20. Bd4 Qh4 21. Qg3 Qxg3 22.
hxg3 Be5 23. Nc7 Rac8 24. Nxe6 fxe6 25. Bd7 Bxd4 26. Bxe6+ Kg7 27. Rxd4 Nf6 28. Bxc8 Rxc8 29. c3 d5 30. g4 h6 31. f3 Kf7 32. Rb4 Rc7 33.
a6 b6 34. Rxb6 axb6 35. a7 Rc8 36. a8=Q Rxa8 37. Rxa8 Nd7 38. Kf2 Ke6 39. Ke3 Kd6 40. Rh8 Ne5 41. Rxh6 Nc4+ 42. Kd4 Ne5 43. f4 Nc6+ 44. Kd3 Ne7 45. f5 Ke5 46. Rxg6 Ng8 47. Rxg8 1-0

[Event "*** Titled Tuesday Blitz"]
[Site "Chess.com"]
[Date "2020.04.07"]
[Round "8"]
[White "wild_cat99"]
[Black "mbachez"]
[Result "1/2-1/2"]
[WhiteElo "2522"]
[BlackElo "2379"]
[TimeControl "180+1"]
[EndTime "14:32:57 PDT"]
[Termination "Game drawn by agreement"]

1. Nf3 d5 2. e3 Nf6 3. c4 g6 4. cxd5 Nxd5 5. d4 Bg7 6. e4 Nb6 7.
Be2 O-O 8. O-O Nc6 9. Be3 Bg4 10.
e5 Nd5 11. Nc3 Ncb4 12. a3 Nxc3 13. bxc3 Nd5 14. Qd2 c5 15. c4 Nxe3 16. fxe3 cxd4 17. exd4 Bxf3 18. Bxf3 Bxe5 19. Rfd1 Bg7 20. Bxb7 Rb8 21.
Bf3 e5 22. dxe5 Qb6+ 23. Qf2 Bxe5 24. Qxb6 axb6 25. Rab1 Rfd8 26. Bd5 Kg7 27. Rb5 Bd6 28. a4 Bc5+ 29. Kf1 Ra8 30. Ra1 Ra5 31. Rxa5 bxa5 32.
Rb1 Rd7 33. Ke2 f5 34. Rb5 Bb4 35. Kd3 Kf6 36. Kd4 f4 37. Rb6+ Kf5 38. Rb5 Kf6 39.
c5 g5 40. c6 Rc7 41. Rb7 Bd6 42. Rb5 Bb4 43. h3 h5 44. Bf3 g4 45. hxg4 hxg4 46.
Bxg4 Rxc6 47. Rf5+ Kg6 48. Rxf4 Kg5 49. Bf3 Rd6+ 50.
Ke5 Re6+ 51. Kxe6 Kxf4 52. Kd5 Kg3 53. Ke4 Be1 54. Kd3 Bb4 1/2-1/2

[Event "*** Titled Tuesday Blitz"]
[Site "Chess.com"]
[Date "2020.04.07"]
[Round "8"]
[White "BeanScreen"]
[Black "djano"]
[Result "1-0"]
[WhiteElo "2617"]
[BlackElo "2479"]
[TimeControl "180+1"]
[EndTime "14:33:00 PDT"]
[Termination "BeanScreen won by resignation"]

1. e4 e5 2. Nf3 Nc6 3. Bc4 Bc5 4. c3 Nf6 5. d3 d6 6. Nbd2 a5 7. a4 Ne7 8. O-O Ng6 9. Re1 O-O 10.
h3 c6 11. d4 Ba7 12. Qb3 d5 13. Bd3 exd4 14. cxd4 dxe4 15. Nxe4 Nd5 16. Bg5 Qc7 17.
Rac1 Be6 18. Bc4 Rac8 19. Nc5 Bxc5 20. dxc5 h6 21. Bd2 Rfe8 22. Nd4 Bd7 23. Bxd5 cxd5 24.
Qxd5 Bxa4 25. Ra1 Rxe1+ 26. Bxe1 Bc6 27. Nxc6 bxc6 28. Qd2 Rd8 29. Qxa5 Qxa5 30. Bxa5 Rd1+ 31. Rxd1 1-0

[Event "*** Titled Tuesday Blitz"]
[Site "Chess.com"]
[Date "2020.04.07"]
[Round "8"]
[White "Sebastian"]
[Black "DrMelekess"]
[Result "1-0"]
[WhiteElo "3005"]
[BlackElo "2717"]
[TimeControl "180+1"]
[EndTime "14:33:02 PDT"]
[Termination "Sebastian won on time"]

1. d4 Nc6 2. d5 Ne5 3. f4 Ng6 4. e4 e5 5. dxe6 dxe6 6. Qxd8+ Kxd8 7. Nf3 Nf6 8. Bd3 Bc5 9. Nc3 Ke7 10. f5 Nf8 11.
Bf4 c6 12. O-O-O Ng4 13. Rhe1 Nf2 14. Rd2 Nxd3+ 15. Rxd3 b5 16. Ne5 Bb7 17. Red1 Kf6 18. g4 g5 19. Bg3 h5 20. h3 Rc8 21. Rf3 Kg7 22. fxe6 f6 23. Nd7 Nxe6 24. Nxc5 Nxc5 25. b4 hxg4 26. hxg4 Ne6 27. Rd7+ Kg6 28. Rxb7 Rh3 29.
Ne2 c5 30. Re7 Nd4 31. Nxd4 cxd4 32. Re6 Rf8 33. e5 Kh7 34. Rexf6 1-0

[Event "*** Titled Tuesday Blitz"]
[Site "Chess.com"]
[Date "2020.04.07"]
[Round "8"]
[White "NewBornNow"]
[Black "fireheart92"]
[Result "0-1"]
[WhiteElo "2661"]
[BlackElo "2881"]
[TimeControl "180+1"]
[EndTime "14:33:02 PDT"]
[Termination "fireheart92 won by resignation"]

1. e4 e5 2. Nf3 Nc6 3. Bc4 Nf6 4. d3 Bc5 5. O-O d6 6. c3 a6 7. Bb3 Ba7 8. Re1 Ng4 9. d4 exd4 10. h3 Nge5 11. Nxd4 O-O 12. Be3 Re8 13. f4 Ng6 14. Nd2 Qf6 15. f5 Nge5 16. Nf1 h6 17. Ng3 Qh4 18.
Bf2 Qg5 19. Bc2 Bd7 20. Qh5 Nc4 21. Qxg5 hxg5 22. b3 Na3 23. Bd3 Ne5 24. Rad1 Nb5 25. Nde2 Bxf2+ 26. Kxf2 f6 27. Bc2 a5 28. Nf1 a4 29. b4 Na3 30. Ne3 Bb5 31. Nd4 Nxc2 32. Nxb5 Nxe1 33. Kxe1 Nc4 34. Rd4 Nxe3 0-1

[Event "*** Titled Tuesday Blitz"]
[Site "Chess.com"]
[Date "2020.04.07"]
[Round "8"]
[White "SamuelGhimpu2003"]
[Black "Hanging_pointer"]
[Result "0-1"]
[WhiteElo "2668"]
[BlackElo "2540"]
[TimeControl "180+1"]
[EndTime "14:33:02 PDT"]
[Termination "Hanging_pointer won by resignation"]

1. e4 c6 2. d4 d5 3. e5 Bf5 4.
Nd2 e6 5. Nb3 Ne7 6. Nf3 Nd7 7.
Be2 Bg6 8. O-O Nf5 9. c3 Be7 10. g4 Nh4 11. Nxh4 Bxh4 12. f4 f5 13. Bd3 Be7 14. Kg2 Nf8 15. gxf5 Bxf5 16. Bxf5 exf5 17.
Qd3 g6 18. Be3 Ne6 19. Rad1 O-O 20. Nd2 b5 21. Nf3 a5 22. Kh1 Kh8 23. Rg1 b4 24. Rc1 Qb6 25. Rg2 Rac8 26. c4 Qa6 27. Rd2 Kg7 28. c5 Qxd3 29. Rxd3 Kf7 30. Rg1 Ra8 31. Rd2 a4 32. Rdg2 b3 33. a3 Rg8 34. h4 h6 35. Kh2 Rg7 36. h5 Rag8 37. Nh4 Bxh4 0-1

[Event "*** Titled Tuesday Blitz"]
[Site "Chess.com"]
[Date "2020.04.07"]
[Round "8"]
[White "2nd_life"]
[Black "Flawless_Fighter"]
[Result "0-1"]
[WhiteElo "2416"]
[BlackElo "2570"]
[TimeControl "180+1"]
[EndTime "14:33:02 PDT"]
[Termination "Flawless_Fighter won on time"]

1. e4 c6 2. d4 d5 3. e5 Bf5 4. h4 h5 5. Bd3 Bxd3 6. Qxd3 Qa5+ 7. c3 Qa6 8. Ke2 e6 9. Nf3 c5 10. Nbd2 Nh6 11. dxc5 Bxc5 12. Nb3 Qxd3+ 13. Kxd3 Bxf2 14.
Bxh6 gxh6 15. Raf1 Bb6 16. Nbd4 Rg8 17. Rh3 Nd7 18. Rg1 Ke7 19. g3 Rg4 20. Rh2 Rag8 21. Rhg2 a6 22. b4 Bc7 23. Re2 Rxg3 24. Rxg3 Rxg3 25.
Kc2 Rg4 26. a4 Re4 27. Rxe4 dxe4 28. Nd2 Bxe5 29. Nxe4 f5 30. Nd2 Kf6 31. Kd3 Bg3 32. N2f3 e5 33. Ne2 e4+ 34. Ke3 Bd6 35. Nfd4 Ne5 0-1

[Event "*** Titled Tuesday Blitz"]
[Site "Chess.com"]
[Date "2020.04.07"]
[Round "8"]
[White "ersekitamara"]
[Black "Coiote53"]
[Result "1-0"]
[WhiteElo "1944"]
[BlackElo "2354"]
[TimeControl "180+1"]
[EndTime "14:33:02 PDT"]
[Termination "ersekitamara won by resignation"]

1. d4 d5 2. Nf3 Nf6 3. e3 e6 4.
Bd3 Be7 5. Nbd2 O-O 6. O-O c5 7. c3 Nc6 8. Qe2 b6 9. dxc5 bxc5 10. e4 Bb7 11. Re1 Re8 12. e5 Nd7 13. Nf1 g6 14.
Ng3 Bf8 15. h4 Bg7 16. Bf4 Qc7 17. h5 c4 18. Bc2 Nc5 19. hxg6 hxg6 20. Qe3 Ne7 21.
Bh6 Nd3 22. Bxd3 cxd3 23. Bxg7 Kxg7 24. Qg5 Ng8 25. Nh5+ Kf8 26. Nf6 Red8 27. Rad1 Ba6 28. Nd4 Rab8 29. Qxg6 fxg6 30. Nxe6+ Kf7 31. Nxc7 Nxf6 32.
exf6 Bb7 33. Rxd3 Kxf6 34. Re6+ Kf7 35. Rf3+ Kg7 36. Re7+ Kg8 37. Ne6 Rd6 38. Rg7+ 1-0

[Event "*** Titled Tuesday Blitz"]
[Site "Chess.com"]
[Date "2020.04.07"]
[Round "8"]
[White "Man-Chuk"]
[Black "Anton_Demchenko"]
[Result "0-1"]
[WhiteElo "2764"]
[BlackElo "2956"]
[TimeControl "180+1"]
[EndTime "14:33:04 PDT"]
[Termination "Anton_Demchenko won by resignation"]

1. c4 Nf6 2. Nc3 d6 3. e4 e5 4. d4 exd4 5. Qxd4 Nc6 6. Qd2 g6 7. b3 Bg7 8. Bb2 O-O 9. Bd3 Ng4 10. Nge2 Qh4 11. Ng3 f5 12. h3 Nxf2 13. Kxf2 fxe4+ 14. Kg1 exd3 15. Qxd3 Nb4 16. Qd2 Qxg3 17. Ne4 Qf4 18. Bxg7 Qxd2 19. Nxd2 Kxg7 20. Re1 Nc6 21. Kh2 Bd7 22.
c5 dxc5 23. Ne4 b6 24. Nc3 Rae8 25. Rd1 Nd4 26. Nd5 Re2 27. Rhf1 Rxf1 28. Rxf1 Bc6 29. Nf4 Rxa2 0-1

[Event "*** Titled Tuesday Blitz"]
[Site "Chess.com"]
[Date "2020.04.07"]
[Round "8"]
[White "Abdimalik_Abdisalimov"]
[Black "stefan_95"]
[Result "1-0"]
[WhiteElo "2847"]
[BlackElo "2638"]
[TimeControl "180+1"]
[EndTime "14:33:05 PDT"]
[Termination "Abdimalik_Abdisalimov won on time"]

1. d4 Nf6 2. c4 e6 3. Nf3 b6 4.
g3 Ba6 5. b3 b5 6. cxb5 Bxb5 7.
Bg2 Bc6 8. O-O Bb4 9. a3 Be7 10.
Nc3 a5 11. Bg5 Qc8 12. Qc2 Qb7 13. Rfe1 Ra6 14. e4 Rb6 15. Nd2 d5 16. Bxf6 gxf6 17. exd5 exd5 18. Qf5 Bd7 19. Rxe7+ Kxe7 20. Nxd5+ Kd8 21.
Qf4 Rd6 22. Nxf6 Qb5 23. Nfe4 Rg6 24. Rc1 Qb6 25. Nc4 Qxd4 26. Ne5 Nc6 27. Nxf7+ Kc8 28. Nxh8 Qxh8 29. Nc5 Rf6 30. Qc4 Ne5 31. Qc3 Rd6 32. f4 Ng6 33. Qxh8+ Nxh8 34. Nxd7 Kxd7 35. Be4 h6 36.
Rc3 Nf7 37. Rd3 Rxd3 38. Bxd3 Kd6 39. Kf2 Kc5 40. Ke3 Nd6 41. g4 Ne8 42. g5 hxg5 43.
fxg5 Kd5 44. h4 Ke5 45. h5 Ng7 46. h6 Ne6 47. h7 1-0

[Event "*** Titled Tuesday Blitz"]
[Site "Chess.com"]
[Date "2020.04.07"]
[Round "8"]
[White "VitaliyBernadskiy"]
[Black "Kimster98"]
[Result "1-0"]
[WhiteElo "2733"]
[BlackElo "2506"]
[TimeControl "180+1"]
[EndTime "14:33:06 PDT"]
[Termination "VitaliyBernadskiy won by resignation"]

1. e4 e5 2. Nf3 Nc6 3. Bb5 Nf6 4. d3 Bc5 5. Nbd2 d6 6. O-O O-O 7. c3 a6 8. Bxc6 bxc6 9. Re1 Re8 10. Nf1 d5 11.
Qc2 Bg4 12. N3d2 Nh5 13. Nb3 Bb6 14. Be3 Nf4 15. d4 dxe4 16. Bxf4 exf4 17. Rxe4 g5 18. Rae1 Qd7 19. h3 Bh5 20. Re5 f6 21. Rxe8+ Rxe8 22.
Rxe8+ Bxe8 23. Qe4 Bg6 24. Qe2 Kf7 25. Nfd2 Qe6 26.
Kf1 Qxe2+ 27. Kxe2 Ke6 28. a4 Bc2 29. a5 Ba7 30. c4 h5 31. f3 f5 32. Na1 Ba4 33.
b3 Bxd4 34. Nc2 Bc3 35. bxa4 c5 36. Nb3 Kd6 37. Ne1 Bb4 38. Nd3 Ba3 39. h4 gxh4 40. Nxf4 1-0

[Event "*** Titled Tuesday Blitz"]
[Site "Chess.com"]
[Date "2020.04.07"]
[Round "8"]
[White "JacekDubiel"]
[Black "indfraeng"]
[Result "1-0"]
[WhiteElo "2389"]
[BlackElo "2229"]
[TimeControl "180+1"]
[EndTime "14:33:06 PDT"]
[Termination "JacekDubiel won by checkmate"]

1. e4 e5 2. Nf3 Nc6 3. Bc4 Bc5 4. O-O Nf6 5. d4 Bxd4 6. Nxd4 Nxd4 7. f4 d6 8. fxe5 dxe5 9. Bg5 Be6 10. Na3 Bxc4 11.
Nxc4 Qe7 12. Bxf6 gxf6 13. c3 O-O-O 14. cxd4 Rxd4 15. Qb3 Qc5 16. Ne3 Rxe4 17. Rfe1 f5 18. Rac1 Qd4 19. Rcd1 Qc5 20. Qxf7 a6 21. Qxf5+ Kb8 22.
Qxe4 Rg8 23. Qd5 Qf8 24. Rf1 Qg7 25. Kh1 e4 26. Rf7 Qh6 27. Rd7 Rg6 28. Rd8+ Ka7 29. Qc5+ Rb6 30. Qxc7 Rc6 31. Qg3 Kb6 32. Nd5+ Ka7 33. Qf2+ e3 34. Qxe3+ Qxe3 35. Nxe3 Rb6 36. b3 Re6 37. R1d3 a5 38. h3 Ka6 39. R8d6+ Rxd6 40. Rxd6+ Kb5 41. Rh6 Kb4 42. Rxh7 Ka3 43. Rxb7 Kxa2 44. h4 Ka3 45. h5 a4 46. bxa4 Kxa4 47.
h6 Ka3 48. h7 Ka2 49. h8=Q Ka3 50. Qa8# 1-0

[Event "*** Titled Tuesday Blitz"]
[Site "Chess.com"]
[Date "2020.04.07"]
[Round "8"]
[White "killer311"]
[Black "awesomevishesh"]
[Result "1-0"]
[WhiteElo "2330"]
[BlackElo "2452"]
[TimeControl "180+1"]
[EndTime "14:33:07 PDT"]
[Termination "killer311 won on time"]

1. d4 Nf6 2. c4 g6 3. g3 Bg7 4. Bg2 O-O 5. Nf3 d6 6. Nc3 Nc6 7. O-O e5 8. dxe5 dxe5 9. Qxd8 Rxd8 10. Bg5 Be6 11. Nd2 h6 12. Bxf6 Bxf6 13. Nde4 Be7 14.
Nd5 Bxd5 15. cxd5 Nb4 16. Nc3 c6 17. e4 cxd5 18. exd5 Bd6 19. a3 Nc2 20. Rad1 Nd4 21. Rfe1 f5 22. f4 Bc5 23. Kh1 exf4 24. gxf4 Nc2 25.
Re6 Kg7 26. Bh3 Ne3 27. Rg1 Ng4 28. Rf1 Nf2+ 29. Kg2 Nd3 30. Kf3 Nxb2 31. Rb1 Nc4 32. Rxb7+ Kh8 33. Rxg6 Nd2+ 34. Ke2 Nc4 35. Rxh6+ Kg8 36.
Bxf5 Nd6 37. Be6+ 1-0

[Event "*** Titled Tuesday Blitz"]
[Site "Chess.com"]
[Date "2020.04.07"]
[Round "8"]
[White "letantha"]
[Black "Supelyel"]
[Result "1-0"]
[WhiteElo "2160"]
[BlackElo "2331"]
[TimeControl "180+1"]
[EndTime "14:33:07 PDT"]
[Termination "letantha won on time"]

1. e4 c5 2. c3 d5 3. exd5 Qxd5 4. d4 Nf6 5. Nf3 Bg4 6. Nbd2 cxd4 7. Bc4 Qd6 8. Qb3 Qb6 9. Bxf7+ Kd8 10. Nxd4 Qxb3 11. Bxb3 e5 12. Ne6+ Bxe6 13. Bxe6 Bd6 14. O-O Ke7 15.
Bb3 Nc6 16. Nc4 Bc7 17. a4 Rae8 18. g3 Kd8 19. Be3 Kc8 20. a5 e4 21. a6 b6 22.
Ba4 Re6 23. Bb3 Re7 24. Bg5 Rf8 25. Ne3 Ne5 26. Bxf6 Nf3+ 27. Kg2 Rxf6 28. Nd5 Rh6 29.
Nxe7+ Kd7 30. h4 Kxe7 31. Bd5 Ne5 32. Bxe4 Kf6 33. Rad1 Ke7 34. Rfe1 Rf6 35. Bxh7 Kf8 36. Be4 Ng4 37. f4 Bd6 38. Bc6 Bc5 39. Rd8+ Kf7 40.
Be8+ 1-0